 Dungeon Crawl Stone Soup version 0.28.0 (webtiles) character file.

Game seed: 17040161810912310509

102 Sanktem7 the Conjurer (level 4, 0/24 HPs)
             Began as a Deep Elf Conjurer on Feb 8, 2022.
             Succumbed to a kobold brigand's poison
             ... on level 4 of the Dungeon.
             The game lasted 00:05:24 (3454 turns).

Sanktem7 the Conjurer (Deep Elf Conjurer)           Turns: 3454, Time: 00:05:25

Health: 0/24       AC:  2    Str:  4    XL:     4   Next: 50%
Magic:  10/11      EV: 12    Int: 25    God:
Gold:   161        SH:  0    Dex: 13    Spells: 7/10 levels left

rFire   . . .      SeeInvis .   (no weapon)
rCold   . . .      Faith    .   (no shield)
rNeg    . . .      Spirit   .   a - +0 robe
rPois   .          Reflect  .   (no helmet)
rElec   .          Harm     .   (no cloak)
rCorr   .          Rampage  .   (no gloves)
Will    .....                   (no boots)
Stlth   ++........              (no amulet)
HPRegen 0.08/turn               (no ring)
MPRegen 0.12/turn               (no ring)

@: lethally poisoned (0 -> -1)
A: no striking features
a: no special abilities


You were on level 4 of the Dungeon.
You visited 1 branch of the dungeon, and saw 4 of its levels.

You collected 161 gold pieces.

Inventory:

Armour
 a - a +0 robe (worn)
Wands
 c - a wand of charming (2)
Scrolls
 b - 4 scrolls of identify {unknown}
 g - 2 scrolls of teleportation {unknown}
 h - a scroll of noise {unknown}
 l - a scroll of vulnerability {unknown}
Potions
 d - 2 potions of might {unknown}
 e - a potion of flight {unknown}
 f - 2 potions of attraction {unknown}
 i - a potion of degeneration {unknown}
 j - a potion of magic {unknown}
 k - a potion of heal wounds {unknown}


   Skills:
 + Level 2.6 Dodging
 + Level 2.9 Stealth
 * Level 3.7 Spellcasting
 * Level 6.0 Conjurations


You had 7 spell levels left.
You knew the following spells:

 Your Spells              Type           Power      Damage    Failure   Level
a - Magic Dart            Conj           100%       1d8       1%          1
b - Searing Ray           Conj           70%        2d7       1%          2

Your spell library contained the following spells:

 Spells                   Type           Power      Damage    Failure   Level
 Dazzling Flash           Conj/Hex       38%        N/A       9%          3
 Apportation              Tloc           8%         N/A       10%         1
 Beastly Appendage        Tmut           8%         N/A       10%         1
 Wereblood                Tmut           4%         N/A       14%         2
 Fulminant Prism          Conj/Hex       9%         3d7       26%         4
 Iskenderun's Mystic Bla  Conj/Tloc      19%        2d6       26%         4
 Spider Form              Tmut/Pois      4%         N/A       28%         3
 Alistair's Intoxication  Tmut/Pois      2%         N/A       95%         5


Dungeon Overview and Level Annotations

Branches:
Dungeon (4/15)
 Temple: D:4-7

Altars:
Cheibriados
Hepliaklqana

Shops:
D:3 (


Message History

An orc wizard comes into view. It is wielding a +0 dagger.
The orc wizard shouts!
You hear a shout! x2
Casting: Magic Dart (safe; 1% risk of failure)
Confirm with . or Enter, or press ? or * to list all spells.
Aiming: Magic Dart (safe; 1% risk of failure)
Press: ? - help, Shift-Dir - straight line, f - orc wizard
Aim: an orc wizard, wielding a +0 dagger and wearing a +0 robe (100% to hit)
The magic dart hits the orc wizard!
The orc wizard is heavily wounded.
The kobold brigand shouts!
You hear a shout!
Casting: Magic Dart (safe; 1% risk of failure)
Confirm with . or Enter, or press ? or * to list all spells.
Aiming: Magic Dart (safe; 1% risk of failure)
Press: ? - help, Shift-Dir - straight line, f/p - orc wizard
Aim: an orc wizard, wielding a +0 dagger and wearing a +0 robe (heavily wounded, 100% to hit)
The magic dart hits the orc wizard.
The orc wizard is heavily wounded.
An orc comes into view. It is wielding a +1 dagger of draining.
The orc wizard hits you with a +0 dagger.
The orc wizard points at you and mumbles some strange words.
You resist with some effort.
The kobold brigand throws a poisoned dart.
The poisoned dart hits you!
You are poisoned.
You feel sick.
The kobold brigand throws a poisoned dart.
The poisoned dart completely misses you.
You feel sick. The orc wizard casts a spell at you. The puff of flame hits you!
You feel sick.
You feel sick.
The kobold brigand throws a poisoned dart.
The poisoned dart closely misses you.
You feel sick.
You feel sick.
The orc wizard gestures at you while chanting.
The magic dart hits you.
* * * LOW HITPOINT WARNING * * *
You die...

#######...####.#### #..#
#...†........ #..#
#...#....### #..#
......##.#### #..#
####..##.# o...
#..##.###### .....
###..##.##...#####>.....
...........o.o...$....
.##..##.@...K...##....
#. ##.....#..# . #
#.###.#..# .... .......
#.#.#....#...#
#.#.##..##...# # #.#..##
.... ....# #.#.. #..
.##..


You could see a kobold brigand, an orc wizard and an orc.

Vanquished Creatures
  An orc wizard (D:4)
  2 adders
  3 worms
  2 dart slugs
  An orc (D:3)
  4 ball pythons
  3 endoplasms
  2 giant cockroaches (D:4)
  3 goblins
  5 hobgoblins
  5 jackals
  6 bats
  2 frilled lizards
  3 kobolds
  3 rats
45 creatures vanquished.

Notes
Turn   | Place    | Note
-------+----------+-------------------------------------------
     0 | D:1      | Sanktem7 the Deep Elf Conjurer began the quest for the Orb.
     0 | D:1      | Reached XP level 1. HP: 10/10 MP: 6/6
    32 | D:1      | Found a faded altar of an unknown god.
   481 | D:1      | Reached XP level 2. HP: 9/15 MP: 5/8
   599 | D:1      | Learned a level 2 spell: Searing Ray
   939 | D:1      | Reached skill level 5 in Conjurations
  1286 | D:2      | You fall into a shaft and drop 1 floor!
  1356 | D:3      | Found a snail-covered altar of Cheibriados.
  1376 | D:3      | Reached XP level 3. HP: 19/19 MP: 4/9
  1617 | D:3      | Found Keroasse's Weapon Shoppe.
  3034 | D:4      | Found a hazy altar of Hepliaklqana.
  3078 | D:4      | Reached skill level 6 in Conjurations
  3078 | D:4      | Reached XP level 4. HP: 24/24 MP: 4/11
  3439 | D:4      | Noticed a kobold brigand
  3453 | D:4      | HP: 1/24 [orc wizard/magic dart (3)]
  3454 | D:4      | Succumbed to a kobold brigand's poison

Illustrated notes

Levels and vault maps discovered:
D:1:      lightli_arrival_statue_moat, layout_basic,
          ebering_ecumenical_altar_webs, minmay_misc_feat_columns, st_stairs_14
D:2:      layout_loops_corners, serial_forest, infiniplex_forest_lined_3,
          infiniplex_forest_lined_corner, infiniplex_forest_straight_2,
          infiniplex_forest_clump_tiny, infiniplex_forest_clump_medium,
          infiniplex_forest_straight_4, infiniplex_forest_lined_room_2
D:3:      minmay_wonky_spiral, layout_basic, cheibriados_altar_1, serial_shops,
          nicolae_lakefront_shop
D:4:      layout_loops_ring, mainiacjoe_overflow_six_doors_small,
          minmay_temple_entry_waves, gup_sewer_entry_bowl,
          hangedman_decor_points, uniq_grinder

Skill      XL: |  1  2  3 |
---------------+----------+-----
Conjurations   | 5 6 |  6.0
Dodging        | |  2.6
Stealth        | |  2.9
Spellcasting   | |  3.7

Action                   |  1- 3 |  4- 6 || total
-------------------------+-------+-------++-------
 Cast: Magic Dart        |    78 |    10 ||    88
       Searing Ray       |       |     3 ||     3
Armor: Robe              |     2 |     1 ||     3
Dodge: Dodged            |     7 |     8 ||    15
